 Dungeon Crawl Stone Soup version 0.31-a0-188-g5e087ee2ca (webtiles) character file.

Game seed: 17797719051450159139

23 qw the Shooter (level 2, -9/16 HPs)
             Began as a Deep Elf Hunter on June 22, 2023.
             Killed by divine providence
             ... invoked by an orc priest
              (15 damage)
             ... on level 2 of the Dungeon.
             The game lasted 00:00:15 (799 turns).

qw the Shooter (Deep Elf Hunter)                     Turns: 799, Time: 00:00:16

Health: -9/16      AC:  7    Str:  8    XL:     2   Next: 75%
Magic:  4/4        EV: 12    Int: 13    God:
Gold:   63         SH:  0    Dex: 18    Spells: 1/1 levels left

rFire   . . .        Y - +0 shortbow
rCold   . . .        (shield currently unavailable)
rNeg    . . .        c - +0 leather armour
rPois   .            (no helmet)
rElec   .            (no cloak)
rCorr   .            (no gloves)
SInv    .            (no boots)
Will    .....        (no amulet)
Stlth   ++           e - +4 ring of protection
HPRegen 0.22/turn    (no ring)
MPRegen 0.09/turn

%: no passive effects
@: no status effects
A: no striking features
a: no special abilities


You were on level 2 of the Dungeon.
You visited 1 branch of the dungeon, and saw 2 of its levels.

You collected 63 gold pieces.


   Skills:
 - Level 1.5 Fighting
 + Level 6.5 Ranged Weapons
 - Level 2.4 Dodging
 - Level 1.2 Stealth


You had one spell level left.
You didn't know any spells.
Your spell library was empty.

Inventory:

Hand Weapons
 Y - a +0 shortbow (weapon)
Armour
 c - a +0 leather armour (worn)
Jewellery
 d - an amulet of the acrobat
 e - a +4 ring of protection (left hand)
Scrolls
 a - a scroll of identify {unknown}
 b - a scroll of teleportation {unknown}

Dungeon Overview and Level Annotations

Branches:
Dungeon (2/15)

Altars:


Message History

d - an amulet of the acrobat An endoplasm and 2 orcs come into view.
Enter note:
Enter note: You shoot an arrow.
The arrow hits the orc but does no damage.
You shoot an arrow. The arrow hits the orc.
The orc is heavily wounded.
You shoot an arrow.
The arrow hits the orc but does no damage.
The orc is heavily wounded.
The orc closely misses you.
You shoot an arrow. The arrow barely misses the orc.
The endoplasm quivers.
The orc shouts!
You hear a shout!
The orc misses you.
You shoot an arrow. The arrow hits the orc!
You kill the orc!
An orc priest comes into view. It is wielding a +0 hand axe.
You shoot an arrow.
The arrow hits the endoplasm but does no damage.
The orc priest looks encouraged for a moment.
You shoot an arrow. The arrow barely misses the endoplasm.
The orc priest invokes the aid of Beogh against you.
Beogh smites you!
Ouch! That really hurt!
790 ||| FLEEEEING.
791 ||| FLEEEEING.
792 ||| FLEEEEING.
793 ||| FLEEEEING.
794 ||| FLEEEEING.
795 ||| FLEEEEING.
796 ||| FLEEEEING.
797 ||| FLEEEEING.
798 ||| FLEEEEING.
799 ||| FLEEEEING.
The orc priest calls down the wrath of Beogh upon you.
Beogh smites you!
Ouch! That really hurt!
You die...

#...# #...# .### #%..#
###.#.###### #...#
#..)........
######...#####.##..#.##..
...............##..#.##..
...............#........
...>.......[...##...##..
#####..@#####..##.<.##..
#...# #....<...... ###...###
##.##.#.#### ####.J....>#
#.##.#.# #.####........#.#
...#.#.# .........o......#
........# ##.
.###........#..##....#.###
.....###.o....###..##.#.##..
#....................#.#


You could see an orc priest, an orc and an endoplasm.

Vanquished Creatures
  A dart slug (D:1)
  An orc (D:2)
  An endoplasm (D:1)
  3 goblins (D:1)
  A hobgoblin (D:2)
  4 jackals (D:1)
  A quokka (D:1)
  3 ball pythons
  4 kobolds (D:1)
19 creatures vanquished.

Notes
Turn   | Place    | Note
-------+----------+-------------------------------------------
     0 | D:1      | qw the Deep Elf Hunter began the quest for the Orb.
     0 | D:1      | Reached XP level 1. HP: 12/12 MP: 3/3
     0 | D:1      | 0 ||| qw: Version: 0.3-a-9-g12657ce
     0 | D:1      | 0 ||| qw: Game counter: 2862
     0 | D:1      | 0 ||| qw: Always use a shield: true
     0 | D:1      | 0 ||| qw: God list: Okawaru
     0 | D:1      | 0 ||| qw: Allow faded altars: false
     0 | D:1      | 0 ||| qw: Do Orc after D:15 true
     0 | D:1      | 0 ||| qw: Do second Lair branch before Depths: true
     0 | D:1      | 0 ||| qw: Lair rune preference: random
     0 | D:1      | 0 ||| qw: Plans: Normal
     0 | D:1      | 0 ||| PLANNING D:1-11
   239 | D:1      | Reached XP level 2. HP: 16/16 MP: 4/4
   279 | D:1      | Reached skill level 6 in Ranged Weapons
   284 | D:1      | HP: 3/16 [jackal (2)]
   698 | D:1      | 698 ||| UPGRADING to +4 ring of protection.
   699 | D:1      | 699 ||| READING scroll labelled UGEIL LUSA.
   700 | D:1      | 700 ||| DROPPING scroll of butterflies.
   789 | D:2      | HP: 4/16 [orc priest/divine providence (12)]
   790 | D:2      | 790 ||| FLEEEEING.
   791 | D:2      | 791 ||| FLEEEEING.
   792 | D:2      | 792 ||| FLEEEEING.
   793 | D:2      | 793 ||| FLEEEEING.
   794 | D:2      | 794 ||| FLEEEEING.
   795 | D:2      | 795 ||| FLEEEEING.
   796 | D:2      | 796 ||| FLEEEEING.
   797 | D:2      | 797 ||| FLEEEEING.
   798 | D:2      | 798 ||| FLEEEEING.
   799 | D:2      | 799 ||| FLEEEEING.
   799 | D:2      | Killed from afar by an orc priest

Levels and vault maps discovered:
D:1:      reono_arrival_forest_river, layout_loops_cross
D:2:      layout_loops_cross, kennysheep_generic_room_13

Skill      XL: |  1  2 |
---------------+-------+-----
Ranged Weapons | 6 |  6.5
Fighting       | |  1.5
Dodging        | |  2.4
Stealth        | |  1.2

Action                     || total
---------------------------++-------
   Fire: Shortbow          ||    55
    Use: Scroll            ||     1
 Armour: Leather armour    ||     1
  Dodge: Dodged            ||    13

Table legend:
 A = Non-vault XP
 B = Vault XP
 C = Vault XP percentage of total XP
 D = Non-vault monster count
 E = Vault monster count
 F = Vault count percentage of total count
                 A         B        C        D         E       F
            +---------+---------+-------+---------+---------+-------
      Total |      34 |       0 |   0.0 |      19 |       0 |   0.0
            +---------+---------+-------+---------+---------+-------
        D:1 |      28 |       0 |   0.0 |      16 |       0 |   0.0
        D:2 |       6 |       0 |   0.0 |       3 |       0 |   0.0
            +---------+---------+-------+---------+---------+-------
